 Dungeon Crawl Stone Soup version 0.31.0-11-ge490571c62 (webtiles) character file.

Game seed: 1766082054415549014

73 Zeia the Magician (level 4, -6/34 HPs)
             Began as a Djinni Fire Elementalist on Jan 27, 2024.
             Killed from afar by an orc wizard (9 damage)
             ... with a magic dart
             ... on level 3 of the Dungeon.
             The game lasted 00:06:24 (1975 turns).

Zeia the Magician (Djinni Fire Elementalist)        Turns: 1975, Time: 00:06:25

Health: -6/34      AC:  3    Str:  7    XL:     4   Next: 51%
Gold:   71         EV: 12    Int: 19    God:
                   SH:  0    Dex: 13

rFire   + + +        o - +1 dagger (elec)
rCold   x . .        (no shield)
rNeg    . . .        a - +0 robe
rPois   ∞            s - +0 helmet
rElec   .            (no cloak)
rCorr   .            (no gloves)
SInv    .            (boots unavailable)
Will    .....        c - amulet of regeneration
Stlth   ++           p - ring of protection from fire
HPRegen 1.05/turn    (no ring)
MPRegen 0.00/turn

%: infuse magic (-7 HP)
@: mighty, flying
A: sickness immunity, fire resistance 2, cold vulnerability 1, float, innate
caster, HP casting, extra vitality 1
a: no special abilities


You were on level 3 of the Dungeon.
You visited 1 branch of the dungeon, and saw 3 of its levels.

You collected 71 gold pieces.

Inventory:

Hand Weapons
 o - a +1 dagger of electrocution (weapon)
Armour
 a - a +0 robe (worn)
 j - the +6 scale mail of Going Fast {Int+3}
   (You found it on level 2 of the Dungeon)

   Int+3:     It affects your intelligence (+3).
 s - a +0 helmet (worn)
Jewellery
 c - an amulet of regeneration (around neck)
 p - a ring of protection from fire (left hand)
Scrolls
 b - a scroll of amnesia {unknown}
 e - a scroll of identify {unknown}
 f - a scroll of poison {unknown}
 h - a scroll of immolation {unknown}
 i - a scroll of enchant armour {unknown}
 l - a scroll of revelation {unknown}
 n - a scroll of blinking {unknown}
 t - a scroll of enchant weapon {unknown}
Potions
 d - 2 potions of degeneration {unknown}
 g - 2 potions of might
 k - a potion of attraction {unknown}
 m - 2 potions of curing {unknown}
 q - a potion of resistance {unknown}
 r - a potion of invisibility {unknown}


   Skills:
 + Level 2.6 Fighting
 - Level 2.1 Dodging
 - Level 1.5 Stealth
 + Level 3.8 Spellcasting
 + Level 3.8 Conjurations
 + Level 3.8 Hexes
 + Level 3.8 Summonings
 + Level 3.8 Necromancy
 + Level 3.8 Translocations
 + Level 3.8 Fire Magic
 + Level 3.8 Ice Magic
 + Level 3.8 Air Magic
 + Level 3.8 Earth Magic
 + Level 3.8 Alchemy


You knew the following spells:

 Your Spells              Type           Power      Damage    Failure   Level
a - Foxfire               Conj/Fire      72%        2x1d7     3%          1
b - Scorch                Fire           36%        2d6       4%          2
c - Volatile Blastmotes   Fire/Tloc      36%        2d13      9%          3
d - Inner Flame           Hex/Fire       18%        N/A       9%          3
e - Flame Wave            Conj/Fire      18%        2d7       28%         4
f - Sting                 Conj/Alch      72%        1d7       3%          1
Your spell library was empty.

Dungeon Overview and Level Annotations

Branches:
Dungeon (3/15)

Altars:

Shops:
D:2 *=[!=


Innate Abilities, Weirdness & Mutations

You are immune to sickness and miasma.
You are immune to poison.
Your flesh is very heat resistant. (rF++)
You are vulnerable to cold. (rC-)
You float through the air rather than walking.
You learn spells naturally, not from books.
Your magical power is your life essence.
You have superior vitality. (+4 MHP)


Message History

Confirm with . or Enter, or press ? or * to list all spells.
Flames lash the orc.
You kill the orc!
Something hits you.
You barely miss something. Something hits you.
You miss something. Something hits you.
You miss something. Something hits you.
You closely miss something.
You hear some strange, mumbled words.
Something tries to affect you, but you resist.
You completely miss something.
You hear some strange, mumbled words.
A magic dart appears from out of thin air!
The magic dart hits you!
You miss something.
You hear some strange, mumbled words.
You are confused.
You bump into the rock wall.
You hear some strange, mumbled words.
A magic dart appears from out of thin air!
The magic dart hits you!
* * * LOW HITPOINT WARNING * * *
It was a potion of might.
You feel very mighty all of a sudden. Something hits you.
* * * LOW HITPOINT WARNING * * *
You bump into the rock wall.
Something completely misses you.
Unknown command.
You bump into the rock wall.
You hear some strange, mumbled words.
Something tries to affect you, but you resist.
Something hits you.
* * * LOW HITPOINT WARNING * * *
Something hits you.
* * * LOW HITPOINT WARNING * * *
You feel less confused.
You hear some strange, mumbled words.
A magic dart appears from out of thin air!
The magic dart hits you!
You die...

.#.##. # .#... #.
#o."# #..## ....#
....######).#.###
#..#...........
#..>#)##......
###.#{# ...(. #.#@#
#### #.### #.# #.#
#.##################
#.#.................
#.#.........#######.
#.#.........# #...#.
#.#..<......# #.#.#.


There were no monsters in sight!

Vanquished Creatures
  2 adders (D:2)
  2 ribbon worms
  3 orcs (D:3)
  6 ball pythons
  4 endoplasms
  3 giant cockroaches (D:1)
  3 goblins
  A hobgoblin (D:2)
  2 jackals (D:3)
  4 kobolds
  A quokka (D:1)
  4 bats
  8 frilled lizards
  2 rats (D:1)
45 creatures vanquished.

Vanquished Creatures (others)
  104 foxfires
104 creatures vanquished.

Grand Total: 149 creatures vanquished

Notes
Turn   | Place    | Note
-------+----------+-------------------------------------------
     0 | D:1      | Zeia the Djinni Fire Elementalist began the quest for the
                  | Orb.
     0 | D:1      | Zeia set off with the following spells memorised: Foxfire,
                  | Scorch, Volatile Blastmotes, Inner Flame, Flame Wave.
     0 | D:1      | Reached XP level 1. HP: 15/15 MP: 0/0
    99 | D:1      | Reached XP level 2. HP: 22/22 MP: 0/0
   176 | D:1      | Reached skill level 1 in Fighting
   332 | D:1      | Reached XP level 3. HP: 27/27 MP: 0/0
   332 | D:1      | Learned a level 1 spell: Sting
   837 | D:2      | Identified the +6 scale mail of Going Fast {Int+3}
   856 | D:2      | Found Vaxabb's Antique Armour Shoppe.
   903 | D:2      | Found Kibiadov's Assorted Antiques.
   907 | D:2      | Found Betykh's Jewellery Shoppe.
  1058 | D:2      | Found Mucsumoss's Distillery.
  1238 | D:2      | Reached XP level 4. HP: 32/33 MP: 0/0
  1304 | D:2      | Found Itum's Jewellery Boutique.
  1975 | D:3      | Killed from afar by an orc wizard

Illustrated notes

Levels and vault maps discovered:
D:1:      dpeg_arrival_prison, layout_loops_ring, minmay_misc_feat_pillars,
          kennysheep_nondescript
D:2:      layout_basic, serial_shops, nicolae_square_shop, shop,
          nicolae_shop_waterfront, nicolae_shop_tiny_statue_garden, shop
D:3:      layout_basic, vehumet_statue, grunt_temple_overflow_cloverleaf,
          hellmonk_ecumenical_altar_defaced_shrine

Skill      XL: |  1  2  3 |
---------------+----------+-----
Fighting       | 1 2 |  2.6
Dodging        | |  2.1
Stealth        | |  1.5
Spellcasting   | |  3.8
Conjurations   | |  3.8
Hexes          | |  3.8
Summonings     | |  3.8
Necromancy     | |  3.8
Translocations | |  3.8
Fire Magic     | |  3.8
Ice Magic      | |  3.8
Air Magic      | |  3.8
Earth Magic    | |  3.8
Alchemy        | |  3.8

Action                     |  1- 3 |  4- 6 || total
---------------------------+-------+-------++-------
  Melee: Dagger            |       |     6 ||     6
   Cast: Foxfire           |    46 |    14 ||    60
         Scorch            |     3 |    13 ||    16
         Sting             |     3 |       ||     3
    Use: Potion            |       |     1 ||     1
 Armour: Robe              |     2 |    13 ||    15
  Dodge: Dodged            |     7 |     3 ||    10
